 Dungeon Sprint DCSS version 0.31-a0-859-g9dce7d3444 (webtiles) character file.

Game seed: 5803794593406264426

294 sircluck the Grappler (level 6, -4/68 HPs)
             Began as a Troll Berserker on Oct 9, 2023.
             Was a Believer of Trog.
             Shot with an arrow by a centaur warrior (22 damage)
             ... in the Dungeon (Sprint I: "Red Sonja").
             The game lasted 00:00:41 (221 turns).

sircluck the Grappler (Troll Berserker)              Turns: 221, Time: 00:00:42

Health: -4/68      AC:  4    Str: 28    XL:     6   Next: 11%
Magic:  5/5        EV: 11    Int:  3    God:    Trog [**....]
Gold:   162        SH:  0    Dex:  9    Spells: 5/5 levels left

rFire   . .          .
                       - Unarmed
rCold   . . .        (no shield)
rNeg    . . .        a - +0 animal skin
rPois   .            (helmet restricted)
rElec   .            (no cloak)
rCorr   .            (gloves unavailable)
SInv    .            (boots unavailable)
Will    .....        (no amulet)
Stlth   +            (no ring)
HPRegen 1.11/turn    (no ring)
MPRegen 0.09/turn

%: no teleportation
@: no status effects
A: large, unfitting armour, claws 3, regeneration 1, shaggy fur 1, tough skin 1
a: Renounce Religion, Berserk, Trog's Hand


You were in the Dungeon.
You worshipped Trog.
Trog was pleased with you.
You visited 1 branch You collected 162 gold pieces.

Inventory:

Armour
 a - a +0 animal skin (worn)
Wands
 h - a wand of iceblast (6)
Scrolls
 i - a scroll of identify {unknown}
Potions
 b - a potion of curing
 c - a potion of heal wounds
 d - a potion of haste
 e - 2 potions of magic
 f - a potion of berserk rage


   Skills:
 + Level 6.7 Fighting
 + Level 6.6 Dodging
 + Level 8.0 Unarmed Combat


You had 5 spell levels left.
You didn't know any spells.
Your spell library was empty.

Dungeon Overview and Level Annotations

Branches:
Dungeon (1/1)

Altars:
Sif Muna
Vehumet
Wu Jian


Innate Abilities, Weirdness & Mutations

You are too large for most types of armour.
You have claws for hands.
Your natural rate of healing is unusually fast.
You are covered in fur. (AC +1)
You have tough skin. (AC +1)


Message History

Unknown command.
Unknown command.
There is an open door here.
You enter the shallow water.
The centaur warrior shouts!
The centaur warrior wields a +0 shortbow.
The centaur warrior shoots an arrow.
The arrow misses you.
Aiming: Iceblast
Press: ? - help, Q - select action, (/) - cycle Shift-Dir - straight line, f - centaur warrior
Aim: a centaur warrior (purple smoke)
The mass of ice explodes!
The iceblast engulfs the centaur warrior!
The centaur warrior is moderately wounded.
The centaur warrior wields a +0 orcbow.
The centaur warrior shoots an arrow.
The arrow hits you!!
The centaur warrior shoots an arrow.
The arrow hits you!
Unknown command.
Unknown command.
Aiming: Iceblast
Press: ? - help, Q - select action, (/) - cycle Shift-Dir - straight line, f/p - centaur warrior
Aim: a centaur warrior, wielding a +0 orcbow (moderately wounded)
The mass of ice explodes!
The iceblast engulfs the centaur warrior!
The centaur warrior is moderately wounded.
The iceblast engulfs the centaur warrior!
The centaur warrior is moderately wounded.
The centaur warrior shoots an arrow.
The arrow hits you!
* * * LOW HITPOINT WARNING * * *
The centaur warrior shoots an arrow.
The arrow barely misses you.
Unknown command.
Unknown command.
Unknown command.
Blink to where?
Press: ? - help, Q - select action, (/) - cycle Dir - move target, p - centaur warrior
As you read the scroll of blinking, it crumbles to dust.
The centaur warrior shoots an arrow.
The arrow barely misses you.
There are monsters nearby!
You open the door.
You are no longer corroded.
The centaur warrior shoots an arrow.
The arrow hits you!!
You die...

################
#<.#..)..#..'..#
#..').#..').#..+
#..#####'#####'#
### #..#
#..#$$$#[####§§#
#..#
####$$##.#~~c§§#
#..#
#'#_.'~c§§§+
#⌠⌠#
+@.._#§§§c§#
####
#_.#+##+####
##+#


You could see 2 centaur warriors.

Vanquished Creatures
  Sigmund (D)
  An ogre (D)
  A jelly (D)
  Ijyb (D)
4 creatures vanquished.

Notes
Turn   | Place    | Note
-------+----------+-------------------------------------------
     0 | D        | sircluck the Troll Berserker began the quest for the Orb.
     0 | D        | Reached XP level 1. HP: 22/22 MP: 0/0
     1 | D        | Noticed Ijyb
     9 | D        | Killed Ijyb
    10 | D        | Reached skill level 4 in Unarmed Combat
    10 | D        | Reached XP level 2. HP: 32/32 MP: 1/1
   151 | D        | Noticed an ogre
   154 | D        | Killed an ogre
   155 | D        | Reached skill level 5 in Fighting
   155 | D        | Reached skill level 5 in Dodging
   155 | D        | Reached skill level 6 in Unarmed Combat
   155 | D        | Reached XP level 3. HP: 42/42 MP: 2/2
   155 | D        | Reached XP level 4. HP: 50/50 MP: 3/3
   166 | D        | Noticed Sigmund
   182 | D        | Killed Sigmund
   182 | D        | Reached ** piety under Trog
   183 | D        | Reached skill level 7 in Unarmed Combat
   183 | D        | Reached XP level 5. HP: 50/61 MP: 4/4
   205 | D        | Found an ornate altar of the Wu Jian Council.
   205 | D        | Found a shimmering blue altar of Sif Muna.
   207 | D        | Found a radiant altar of Vehumet.
   211 | D        | Reached skill level 8 in Unarmed Combat
   211 | D        | Reached XP level 6. HP: 68/68 MP: 5/5
   213 | D        | Noticed a centaur warrior
   213 | D        | Noticed a centaur warrior
   221 | D        | Shot with an arrow by a centaur warrior

Illustrated notes

Levels and vault maps discovered:
D:        dungeon_sprint_1 [red_sonja_temple_1, red_sonja_temple_small_1]

Skill      XL: |  1  2  3  4  5 |
---------------+----------------+-----
Fighting       | 3 5 6 |  6.7
Dodging        | 3 5 6 |  6.6
Unarmed Combat | 4 6 7 8 |  8.0

Action                     |  1- 3 |  4- 6 || total
---------------------------+-------+-------++-------
  Melee: Unarmed           |     7 |     9 ||    16
 Invoke: Berserk           |     1 |       ||     1
  Evoke: Wand              |     2 |     3 ||     5
    Use: Scroll            |       |     1 ||     1
 Armour: Animal skin       |     2 |     8 ||    10
  Dodge: Dodged            |     1 |    10 ||    11

Table legend: (Time is in decaauts)
 A = Elapsed time spent in this place.
 B = Non-inter-level travel time spent in this place.
 C = Inter-level travel time spent in this place.
 D = Time resting spent in this place.
 E = Time spent auto-exploring this place.
 F = Levels seen in this place.
 G = Mean time per level.
                   A        B        C        D        E       F      G
               +--------+--------+--------+--------+--------+-----+--------+
         Total |    228 |    228 |      0 |    147 |     34 |   1 |  228.0 |
       Dungeon |    228 |    228 |      0 |    147 |     34 |   1 |  228.0 |
               +--------+--------+--------+--------+--------+-----+--------+

Top non-repeatable levels by time:
       D: 228 daAuts
